 Dungeon Crawl Stone Soup version 0.31-a0-868-g674d60d6f7 (webtiles) character file.

Game seed: 16325988361259554735

219 tatocazan the Shooter (level 6, 0/48 HPs)
             Began as a Formicid Hunter on Oct 11, 2023.
             Was an Initiate of Gozag.
             Succumbed to a killer bee's poison
             ... on level 10 of the Dungeon.
             The game lasted 00:07:16 (4284 turns).

tatocazan the Shooter (Formicid Hunter)             Turns: 4284, Time: 00:07:17

Health: 0/48       AC: 11    Str: 18    XL:     6   Next: 17%
Magic:  6/6        EV:  8    Int:  8    God:    Gozag
Gold:   316        SH:  0    Dex: 17    Spells: 5/5 levels left

rFire   . . .        h - +2 dagger (venom)
rCold   . . .        (no shield)
rNeg    . . .        q - +0 chain mail
rPois   .            (helmet unavailable)
rElec   .            (no cloak)
rCorr   .            t - +2 pair of gloves
SInv    +            (no boots)
Will    .....        (no amulet) Stlth
                     (no ring)
HPRegen 0.28/turn    (no ring)
MPRegen 0.10/turn

%: no passive effects
@: lethally poisoned (0 -> -7)
A: permanent stasis, dig shafts and tunnels, antennae 3, four strong arms
a: Dig, Shaft Self, Renounce Religion, Potion Petition, Call Merchant, Bribe
Branch


You were on level 10 of the Dungeon.
You worshipped Gozag.
Gozag was aware of your devotion.
You visited 1 branch of the dungeon, and saw 6 of its levels.

You collected 377 gold pieces.
You paid 61 gold pieces to Gozag.

Inventory:

Hand Weapons
 a - a +0 shortbow
 h - a +2 dagger of venom (weapon)
 n - a +0 war axe
Armour
 c - a +0 leather armour
 q - a +0 chain mail (worn)
 t - a +2 pair of gloves (worn)
Wands
 s - a wand of flame (15)
Scrolls
 b - a scroll of butterflies
 e - 2 scrolls of identify
 i - a scroll of amnesia {unknown}
 k - 2 scrolls of teleportation
 m - a scroll of silence {unknown}
 o - a scroll of vulnerability {unknown}
 r - a scroll of torment {unknown}
 u - a scroll of noise
Potions
 d - 2 potions of curing
 g - 2 potions of haste
 j - a potion of heal wounds {unknown}
 l - a potion of attraction {unknown}
 p - a potion of brilliance {unknown}


   Skills:
 * Level 4.0 Fighting
 + Level 1.2 Axes
 + Level 4.5 Ranged Weapons
 + Level 2.0 Armour
 + Level 2.5 Dodging
 + Level 3.1 Stealth


You had 5 spell levels left.
You didn't know any spells.
Your spell library contained the following spells:

 Spells                   Type           Power      Damage    Failure   Level
 Summon Small Mammal      Summ           0%         N/A       99%         1
 Lesser Beckoning         Tloc           0%         N/A       100%        2
 Gell's Gravitas          Tloc           0%         N/A       100%        3
 Ignite Poison            Fire/Tmut/Pois 0%         N/A       100%        3
 Teleport Other           Tloc           0%         N/A       100%        3
 Sticky Flame             Conj/Fire      0%         2d3       100%        4
 Ignition                 Fire           0%         3d3       100%        8


Dungeon Overview and Level Annotations

Branches:
Dungeon (7/15)
 Temple: D:4-7

Altars:
Gozag
Okawaru
Wu Jian

Shops:
D:4 (


Innate Abilities, Weirdness & Mutations

You cannot be hasted, slowed, berserked, paralysed or teleported.
You can dig through walls and to a lower floor.
You have a pair of large antennae on your head. (SInv)
Your four strong arms can wield two-handed weapons with a shield.


Message History

You barely miss the killer bee.
You feel sick. The killer bee closely misses you. The killer bee stings you!
You are more poisoned.
The killer bee poisons you!
You take 8 damage, and have 34/48 hp.
You miss the killer bee.
You feel very sick. The killer bee stings you.
You are more poisoned.
The killer bee poisons you! The killer bee closely misses you.
You take 6 damage, and have 28/48 hp.
You miss the killer bee.
You feel very sick.
The killer bee stings you but does no damage.
The killer bee barely misses you.
You take 4 damage, and have 24/48 hp.
You barely miss the killer bee.
You feel very sick.
The killer bee stings you but does no damage.
The killer bee stings you!
You are lethally poisoned!
The killer bee poisons you!
You hit the killer bee.
The killer bee is poisoned.
The killer bee is lightly wounded.
* * * LOW HITPOINT WARNING * * *
You feel very sick.
The killer bee stings you but does no damage. x2
You take 14 damage, and have 10/48 hp.
MASSIVE DAMAGE!!
You feel better. The killer bee stings you!
* * * LOW HITPOINT WARNING * * *
You are lethally poisoned!
The killer bee poisons you! The killer bee stings you.
* * * LOW HITPOINT WARNING * * *
You take 6 damage, and have 4/48 hp.
* * * LOW HITPOINT WARNING * * *
You feel very sick.
The killer bee stings you but does no damage. x2
You begin to dig a shaft.
You continue digging a shaft.
You die...
Your body crumbles into a pile of gold.

.# .# .# .############# ###
## ..)............ ..#### ..#
....#..#..###...##.#..# .#.#
...................#..# ....#
.####....#########'#..#.....#
.# #....#......@yy...'.# .#
#....#..##.########.....# .#
#....#..##.# ....# .
#.##.##'##.# ....
#.##.....### .y. #.##..##.#
.. #........# ,. ..........#
#..##.....#


You could see 2 killer bees.

Vanquished Creatures
  A centaur (D:10)
  A scorpion (D:7)
  An adder (D:3)
  5 worms
  2 orcs (D:3)
  4 ball pythons
  5 endoplasms
  4 giant cockroaches
  5 goblins
  2 hobgoblins
  7 kobolds
  2 quokkas
  4 bats (D:1)
  5 frilled lizards
  8 rats
56 creatures vanquished.

Notes
Turn   | Place    | Note
-------+----------+-------------------------------------------
     0 | D:1      | tatocazan the Formicid Hunter began the quest for the Orb.
     0 | D:1      | Reached XP level 1. HP: 16/16 MP: 1/1
   162 | D:1      | Reached XP level 2. HP: 23/23 MP: 2/2
   756 | D:1      | Reached XP level 3. HP: 28/28 MP: 3/3
   939 | D:2      | Reached skill level 1 in Armour
  2588 | D:3      | Found an opulent altar of Gozag.
  2594 | D:3      | Reached XP level 4. HP: 35/35 MP: 4/4
  2603 | D:3      | Became a worshipper of Gozag Ym Sagoz the Greedy
  3097 | D:3      | Found a faded altar of an unknown god.
  3105 | D:3      | Got a curling book
  3418 | D:3      | Found an ornate altar of the Wu Jian Council.
  3590 | D:4      | Found an iron altar of Okawaru.
  3595 | D:4      | Found Waghaux's Antique Weapon Boutique.
  3626 | D:4      | Noticed a black bear
  3642 | D:4      | You fall into a shaft and drop 3 floors!
  3652 | D:7      | Noticed a scorpion
  3665 | D:7      | Killed a scorpion
  3666 | D:7      | Reached XP level 5. HP: 16/42 MP: 5/5
  3722 | D:7      | Noticed a water moccasin
  3730 | D:7      | You fall into a shaft and drop 3 floors!
  3730 | D:10     | Entered Level 10 of the Dungeon
  3916 | D:10     | Noticed a centaur
  3927 | D:10     | Killed a centaur
  3928 | D:10     | Reached skill level 1 in Axes
  3928 | D:10     | Reached XP level 6. HP: 18/48 MP: 6/6
  4283 | D:10     | HP: 2/48 [poisoned by a killer bee]
  4284 | D:10     | Succumbed to a killer bee's poison

Illustrated notes

Levels and vault maps discovered:
D:1:      giann_wishing_wells, layout_basic
D:2:      layout_basic
D:3:      layout_loops_cross, pdpol_wu_jian_five_deadly_venoms,
          nicolae_gozag_seed_capital, shapermc_ecumenical_altar_rom_forum,
          minmay_misc_feat_roman, minmay_pentangle
D:4:      layout_loops_ring, overflow_temple_1_default, serial_shops,
          nicolae_shop_overgrown_old_shop
D:7:      layout_basic, overflow_temple_1_default, lemuel_crystal_altar
D:10:     layout_stronghold, mainiacjoe_overflow_small_starburst

Skill      XL: |  1  2  3  4  5 |
---------------+----------------+-----
Dodging        | 2 |  2.5
Stealth        | 2 3 |  3.1
Armour         | 1 2 |  2.0
Fighting       | 3 4 |  4.0
Axes           | 1 |  1.2
Ranged Weapons | |  4.5

Action                     |  1- 3 |  4- 6 || total
---------------------------+-------+-------++-------
  Melee: Dagger            |    36 |    63 ||    99
         Punch             |     1 |     2 ||     3
   Fire: Shortbow          |    74 |     5 ||    79
Ability: Shaft Self        |       |     3 ||     3
    Use: Scroll            |       |     3 ||     3
         Potion            |       |     3 ||     3
   Stab: Sleeping          |     4 |     2 ||     6
 Armour: Leather armour    |    35 |     8 ||    43
         Chain mail        |       |    55 ||    55
  Dodge: Dodged            |    45 |    36 ||    81

Table legend: (Time is in decaauts)
 A = Elapsed time spent in this place.
 B = Non-inter-level travel time spent in this place.
 C = Inter-level travel time spent in this place.
 D = Time resting spent in this place.
 E = Time spent auto-exploring this place.
 F = Levels seen in this place.
 G = Mean time per level.
                   A        B        C        D        E       F      G
               +--------+--------+--------+--------+--------+-----+--------+
         Total |   4300 |   4203 |     97 |   1278 |   2390 |   6 |  716.7 |
       Dungeon |   4300 |   4203 |     97 |   1278 |   2390 |   6 |  716.7 |
               +--------+--------+--------+--------+--------+-----+--------+

Top non-repeatable levels by time:
     D:2: 1473 daAuts
     D:3: 1120 daAuts
     D:1: 852 daAuts
    D:10: 553 daAuts
     D:4: 210 daAuts
     D:7: 89 daAuts
